 Dungeon Crawl Stone Soup version 0.28.0-53-g5a82cb258f (webtiles) character file.

Game seed: 5149104597260460871

54 DemonSlayer the Firebug (level 3, -1/24 HPs)
             Began as a Demonspawn Fire Elementalist on Aug 18, 2022.
             Slain by a gnoll
             ... wielding a +0 flail
              (12 damage)
             ... on level 1 of the Dungeon.
             The game lasted 00:03:28 (1442 turns).

DemonSlayer the Firebug (DsFE)                      Turns: 1442, Time: 00:03:28

Health: -1/24      AC:  2    Str:  8    XL:     3   Next: 66%
Magic:  0/6        EV: 12    Int: 18    God:
Gold:   61         SH:  0    Dex: 13    Spells: 1/7 levels left

rFire   . . .      SeeInvis .   b - +0 dagger
rCold   . . .      Faith    .   (no shield)
rNeg    . . .      Spirit   +   a - +0 robe
rPois   .          Reflect  .   (no helmet)
rElec   .          Harm     .   (no cloak)
rCorr   .          Rampage  .   (no gloves)
Will    .....                   (no boots)
Stlth   ++........              (no amulet)
HPRegen 0.08/turn               (no ring)
MPRegen 0.20/turn               (no ring)

@: no status effects
A: magic shield, magic regeneration
a: no special abilities


You were on level 1 of the Dungeon.
You visited 1 branch of the dungeon, and saw 2 of its levels.

You collected 61 gold pieces.

Inventory:

Hand Weapons
 b - a +0 dagger (weapon)
Missiles
 e - 2 silver javelins
Armour
 a - a +0 robe (worn)
Scrolls
 c - a scroll of immolation {unknown}
 d - a scroll of enchant armour {unknown}
 g - a scroll of blinking {unknown}


   Skills:
 + Level 0.3 Short Blades
 + Level 1.8 Dodging
 + Level 2.1 Stealth
 + Level 2.5 Spellcasting
 + Level 1.4 Conjurations
 + Level 3.4 Fire Magic


You had one spell level left.
You knew the following spells:

 Your Spells              Type           Power      Damage    Failure   Level
a - Foxfire               Conj/Fire      44%        2x1d6     6%          1
b - Scorch                Fire           28%        2d6       6%          2
c - Conjure Flame         Conj/Fire      11%        6-21      19%         3

Your spell library contained the following spells:

 Spells                   Type           Power      Damage    Failure   Level
 Inner Flame              Hex/Fire       8%         N/A       26%         3
 Flame Wave               Conj/Fire      11%        2d5       54%         4


Dungeon Overview and Level Annotations

Branches:
Dungeon (2/15)

Altars:


Innate Abilities, Weirdness & Mutations

When hurt, damage is shared between your health and your magic reserves.
You regenerate magic rapidly.


Message History

You hit the gnoll but do no damage.
The gnoll is moderately wounded.
The gnoll hits you with a +0 flail!
The gnoll is no longer more vulnerable to fire.
There is an open door here.
There is a stone staircase leading up here.
The gnoll hits you from afar with a +0 spear.
You climb upwards.
There is a stone staircase leading down here.
You barely miss the gnoll.
The gnoll is moderately wounded.
The gnoll hits you with a +0 flail.
* * * LOW HITPOINT WARNING * * *
You hit the gnoll.
The gnoll is heavily wounded.
The gnoll closely misses you.
You hit the gnoll but do no damage.
The gnoll is heavily wounded.
The gnoll hits you with a +0 flail!
* * * LOW HITPOINT WARNING * * *
It was a potion of curing.
You feel better. The gnoll barely misses you.
You feel better. The gnoll misses you.
You completely miss the gnoll.
The gnoll is heavily wounded.
The gnoll hits you with a +0 flail.
You barely miss the gnoll.
The gnoll is heavily wounded.
The gnoll hits you with a +0 flail.
You hit the gnoll.
The gnoll is severely wounded.
The gnoll hits you with a +0 flail.
You hit the gnoll.
The gnoll is severely wounded.
The gnoll hits you with a +0 flail.
* * * LOW HITPOINT WARNING * * *
You feel better. The gnoll barely misses you.
You feel better. The gnoll hits you with a +0 flail!
The gnoll hits you with a +0 flail!
Ouch! That really hurt!
You die...

..#.#.#.......+..# #.#
..#.#.#.......#..####.#
..#.#.#.......#.......#
..#.#.#######.#.#######
..#.#.# #...# ..#.#.#
##..# ....#.# #..#
.####'### #.g######
........# ##>@.(..#
#...[...# ######.#
#.......# #.# #...(...#
#.# #.......# #.#
#.......# #.#
#.......############.#
........'............#
#.†.....##############


You could see a gnoll.

Vanquished Creatures
  A gnoll (D:2)
  2 dart slugs
  5 ball pythons
  An endoplasm (D:1)
  A giant cockroach (D:1)
  4 goblins (D:1)
  5 hobgoblins (D:1)
  2 quokkas (D:1)
  4 bats
  3 frilled lizards (D:1)
  5 kobolds (D:1)
  7 rats
40 creatures vanquished.

Vanquished Creatures (others)
  122 foxfires
122 creatures vanquished.

Grand Total: 162 creatures vanquished

Notes
Turn   | Place    | Note
-------+----------+-------------------------------------------
     0 | D:1      | DemonSlayer the Demonspawn Fire Elementalist began the
                  | quest for the Orb.
     0 | D:1      | Reached XP level 1. HP: 13/13 MP: 3/3
   139 | D:1      | Reached skill level 3 in Fire Magic
   149 | D:1      | Gained mutation: You regenerate magic rapidly. [demonic
                  | ancestry]
   149 | D:1      | Reached XP level 2. HP: 13/19 MP: 1/5
   274 | D:1      | Learned a level 2 spell: Scorch
   771 | D:1      | Gained mutation: When hurt, damage is shared between your
                  | health and your magic reserves. [demonic ancestry]
   771 | D:1      | Reached XP level 3. HP: 24/24 MP: 3/6
   999 | D:1      | Learned a level 3 spell: Conjure Flame
  1401 | D:2      | Found a faded altar of an unknown god.
  1433 | D:1      | HP: 1/24 [gnoll/+0 flail (6)]
  1442 | D:1      | Slain by a gnoll

Illustrated notes

Levels and vault maps discovered:
D:1:      grunt_arrival_lava_bath, layout_basic
D:2:      layout_basic, basic_ecumenical_altar, chequers_jeans,
          uniq_crazy_yiuf_cottage

Skill      XL: |  1 |
---------------+----+-----
Fire Magic     | 3 |  3.4
Stealth        | 2 |  2.1
Short Blades   | |  0.3
Dodging        | |  1.8
Spellcasting   | |  2.5
Conjurations   | |  1.4

Action                   || total
-------------------------++-------
Melee: Dagger            ||    53
       Punch             ||     1
 Cast: Foxfire           ||    75
       Scorch            ||     1
  Use: Potion            ||     4
 Stab: Sleeping          ||     6
Armor: Robe              ||     4
Dodge: Dodged            ||    38
